 Dungeon Crawl Stone Soup version 0.30.1-3-gfc49f6343a (webtiles) character file.

Game seed: 7411747629258526945

2774 shmup the Thaumaturge (level 10, -2/70 HPs)
             Began as a Djinni Fire Elementalist on Aug 8, 2023.
             Was a Follower of Nemelex Xobeh.
             Slain by a four-headed hydra (10 damage)
             ... on level 7 of the Dungeon.
             The game lasted 00:21:52 (7599 turns).

shmup the Thaumaturge (Djinni Fire Elementalist)    Turns: 7599, Time: 00:21:53

Health: -2/70      AC:  8    Str:  7    XL:     10   Next: 1%
Gold:   1085       EV: 13    Int: 22    God:    Nemelex Xobeh [*.....] SH:  0 Dex: 13

rFire   + + .        a - +0 dagger (freeze)
rCold   x . .        (no shield)
rNeg    . . .        c - +0 robe
rPois   inf          e - +0 helmet
rElec   .            A - +0 cloak
rCorr   +            (no gloves)
SInv    .            (boots unavailable)
Will    +....        (no amulet)
Stlth   ++           r - +4 ring of protection
HPRegen 0.31/turn    F - ring of resist corrosion
MPRegen 0.00/turn

%: infuse magic (-3 HP)
@: flying
A: sickness immunity, fire resistance 2, cold vulnerability 1, float, innate
caster, HP casting, extra vitality 1
a: Renounce Religion, Draw Escape, Draw Destruction, Draw Summoning


You were on level 7 of the Dungeon.
You worshipped Nemelex Xobeh.
Nemelex Xobeh was aware of your devotion.
You visited 2 branches of the dungeon, and saw 8 of its levels.
You also visited: Bailey.

You collected 1085 gold pieces.

Inventory:

Hand Weapons
 a - a +0 dagger of freezing (weapon)
Missiles
 f - 63 stones (quivered)
 k - 3 throwing nets
 u - 2 javelins
 v - 7 atropa-tipped darts
 z - 24 poisoned darts
 H - 15 boomerangs
 I - 12 curare-tipped darts
 J - 4 datura-tipped darts
Armour
 c - a +0 robe (worn)
 e - a +0 helmet (worn)
 A - a +0 cloak (worn)
 E - the +1 robe "Xoxu" {-Tele rN++}
   (You found it on level 6 of the Dungeon)

   rN:        It greatly protects you from negative energy.
   -Tele:     It prevents most forms of teleportation.
Magical Staves
 b - a staff of earth
Jewellery
 g - a ring of protection from fire
 o - a ring of positive energy
 r - a +4 ring of protection (left hand)
 F - a ring of resist corrosion (right hand)
Wands
 q - a wand of roots (11)
 C - a wand of charming (13)
Scrolls
 d - a scroll of enchant weapon {unknown}
 n - 2 scrolls of blinking
 p - a scroll of enchant armour {unknown}
 s - 2 scrolls of poison
 t - a scroll of brand weapon
 w - a scroll of amnesia {unknown}
 y - a scroll of noise {unknown}
Potions
 h - a potion of might
 i - 2 potions of berserk rage
 j - 3 potions of curing
 l - a potion of mutation
 m - a potion of lignification {unknown}
 x - 2 potions of attraction
 B - 2 potions of heal wounds {unknown}
 D - 2 potions of invisibility {unknown}
 G - 2 potions of flight {unknown}
Miscellaneous
 K - a phantom mirror


   Skills:
 - Level 5.0 Fighting
 - Level 5.0 Dodging
 - Level 2.0 Stealth
 + Level 9.0 Spellcasting


You knew the following spells:

 Your Spells              Type           Power      Damage    Failure   Level
a - Foxfire               Conj/Fire      100%       2x1d9     1%          1
b - Scorch                Fire           98%        2d9       1%          2
c - Inner Flame           Hex/Fire       49%        N/A       1%          3
d - Volatile Blastmotes   Fire/Tloc      98%        2d18      1%          3
e - Sting                 Tmut/Pois      100%       1d8       1%          1
f - Ensorcelled Hibernat  Hex/Ice        98%        N/A       1%          2
g - Portal Projectile     Hex/Tloc       98%        N/A       1%          3
h - Sticky Flame          Conj/Fire      49%        2d7       1%          4
w - Flame Wave            Conj/Fire      49%        2d12      1%          4
Your spell library was empty.

Dungeon Overview and Level Annotations

Branches:
Dungeon (7/15) Zot: 26259  Temple (1/1) D:5 Zot: 5770  Bailey (visited)

Altars:
Ashenzari
Cheibriados
Dithmenos
Elyvilon
Fedhas
Gozag
Hepliaklqana
Makhleb
Nemelex Xobeh
Okawaru
Qazlal
Ru
Trog
Uskayaw
Wu Jian
Xom
Yredelemnul
Zin
The Shining One

Shops:
D:2 :   D:7 (


Innate Abilities, Weirdness & Mutations

You are immune to sickness and miasma.
You are immune to poison.
Your flesh is very heat resistant. (rF++)
You are vulnerable to cold. (rC-)
You float through the air rather than walking.
You learn spells naturally, not from books.
Your magical power is your life essence.
You have superior vitality. (+4 MHP)


Message History

The four-headed hydra bites you.
* * * LOW HITPOINT WARNING * * *
The four-headed hydra completely misses you.
The four-headed hydra bites you.
* * * LOW HITPOINT WARNING * * *
The four-headed hydra bites you but does no damage.
Casting: Flame Wave (dangerous; 1% risk of failure)
Confirm with . or Enter, or press ? or * to list all spells.
Casting: Flame Wave (dangerous; 1% risk of failure)
Press: ? - help, Dir - look around, f - activate A wave of flame ripples out!
The flame wave engulfs the four-headed hydra!
The four-headed hydra is severely wounded. (Press . to intensify the flame waves.)
* * * LOW HITPOINT WARNING * * *
The four-headed hydra bites you!
* * * LOW HITPOINT WARNING * * *
The four-headed hydra bites you but does no damage.
The four-headed hydra misses you. The four-headed hydra bites you!
* * * LOW HITPOINT WARNING * * *
A wave of flame ripples out!
The flame wave engulfs the four-headed hydra!
The four-headed hydra is severely wounded.
The flame wave engulfs the cyclops!
The cyclops is heavily wounded.
* * * LOW HITPOINT WARNING * * *
The four-headed hydra closely misses you.
The four-headed hydra misses you. x2; The four-headed hydra bites you.
* * * LOW HITPOINT WARNING * * *
Casting: Flame Wave (dangerous; 1% risk of failure)
Confirm with . or Enter, or press ? or * to list all spells.
Flames lash the four-headed hydra.
The four-headed hydra is almost dead.
The four-headed hydra's fire resistance burns away.
* * * LOW HITPOINT WARNING * * *
The four-headed hydra bites you.
* * * LOW HITPOINT WARNING * * *
The four-headed hydra bites you!
You die...
Your body disappears without a glow.

▒▒▒....▒▒ ▒▒....▒..▒
▒.. ▒▒...▒▒▒
▒▒▒.....▒ ▒.▒ ..:▒▒▒
▒▒▒...▒▒▒▒.▒ .▒▒▒. ▒
.▒▒▒...▒▒.▒ ▒▒... ▒▒.
...▒▒▒..... .....
▒))[▒▒ ▒...▒▒▒...
..... .▒ ▒|C.▒▒
▒....▒▒. ..... ..
▒▒D▒ ▒...▒▒▒... ▒▒...
▒. ▒▒R▒▒ ▒.▒▒▒.....
.▒▒▒. ▒.▒▒▒.▒▒
▒.....▒▒ ...▒▒▒
▒...▒▒▒ ▒...▒..▒▒.
...[.▒▒▒▒▒▒▒▒▒...▒▒
....▒▒▒....
▒......▒▒.........▒
....▒......
....<...▒.▒▒▒▒▒▒▒▒▒
...........
....>.▒.▒▒......▒▒
.▒▒▒.......
......▒..▒▒▒▒▒▒▒[▒
.....)▒...
▒▒.....▒.▒▒.)...▒▒.▒▒
...)..▒.).


You could see a four-headed hydra (combustible).

Vanquished Creatures
  An orc knight (Bailey)
  A water moccasin (D:6)
  A sky beast (D:7)
  6 orc warriors
  2 black bears
  8 kobold brigands (Bailey)
  3 scorpions
  3 hounds
  A jelly (D:5)
  3 sleepcaps
  7 iguanas
  9 adders
  9 gnolls
  2 shadow imps
  A white imp (D:7)
  An ufetubus (D:5)
  2 worms (D:4)
  14 orcs
  6 endoplasms
  4 giant cockroaches
  12 goblins
  5 hobgoblins
  6 jackals
  21 kobolds
  3 quokkas (D:3)
  4 ball pythons
  10 bats
  4 frilled lizards (D:1)
  5 rats
154 creatures vanquished.

Vanquished Creatures (others)
  291 foxfires
291 creatures vanquished.

Grand Total: 445 creatures vanquished

Notes
Turn   | Place    | Note
-------+----------+-------------------------------------------
     0 | D:1      | shmup the Djinni Fire Elementalist began the quest for the
                  | Orb.
     0 | D:1      | shmup set off with the following spells memorised: Foxfire,
                  | Scorch, Volatile Blastmotes, Inner Flame, Flame Wave.
     0 | D:1      | Reached XP level 1. HP: 15/15 MP: 0/0
   159 | D:1      | Reached XP level 2. HP: 19/21 MP: 0/0
   434 | D:1      | Reached XP level 3. HP: 25/25 MP: 0/0
   434 | D:1      | Learned a level 1 spell: Sting
   908 | D:2      | Reached skill level 3 in Spellcasting
   938 | D:2      | Found Mareletz's Book Boutique.
  1592 | D:3      | Reached XP level 4. HP: 28/31 MP: 0/0
  2069 | D:3      | Reached XP level 5. HP: 33/35 MP: 0/0
  2069 | D:3      | Learned a level 2 spell: Ensorcelled Hibernation
  2097 | D:3      | Reached skill level 4 in Spellcasting
  2610 | D:4      | Reached XP level 6. HP: 13/40 MP: 0/0
  2994 | D:4      | Reached skill level 5 in Spellcasting
  3390 | D:4      | Found a white marble altar of Elyvilon.
  3430 | D:5      | Entered Level 5 of the Dungeon
  3589 | D:5      | Found a staircase to the Ecumenical Temple.
  3594 | D:5      | Noticed a black bear
  3600 | D:5      | Killed a black bear
  3601 | D:5      | Reached XP level 7. HP: 40/45 MP: 0/0
  3601 | D:5      | Learned a level 3 spell: Portal Projectile
  3617 | Temple   | Entered the Ecumenical Temple
  3812 | Temple   | Became a worshipper of Nemelex Xobeh the Trickster
  3889 | D:5      | Reached skill level 6 in Spellcasting
  4012 | D:5      | Reached skill level 1 in Fighting
  4570 | D:6      | Reached XP level 8. HP: 50/55 MP: 0/0
  4881 | D:6      | Reached * piety under Nemelex Xobeh
  4977 | D:6      | Reached skill level 5 in Fighting
  5054 | D:6      | Identified the +1 robe "Xoxu" {-Tele rN++}
  6190 | D:7      | Found Tevyacvi's Antique Weapon Shop.
  6194 | D:7      | Received a gift from Nemelex Xobeh
  6271 | D:7      | Reached XP level 9. HP: 34/65 MP: 0/0
  6271 | D:7      | Learned a level 4 spell: Sticky Flame
  6441 | D:7      | Found a flagged portal.
  6446 | Bailey   | Entered a bailey
  6476 | Bailey   | Reached skill level 5 in Dodging
  6490 | Bailey   | Reached skill level 7 in Spellcasting
  6927 | Bailey   | Noticed an orc knight
  6947 | Bailey   | Reached skill level 8 in Spellcasting
  7089 | Bailey   | Killed an orc knight
  7350 | Bailey   | Reached XP level 10. HP: 49/70 MP: 0/0
  7422 | Bailey   | Found a burning altar of Makhleb.
  7582 | D:7      | Reached skill level 9 in Spellcasting
  7591 | D:7      | Noticed a four-headed hydra
  7592 | D:7      | Noticed a cyclops
  7599 | D:7      | Slain by a four-headed hydra

Illustrated notes

Levels and vault maps discovered:
D:1:      dpeg_arrival_more_subterranean_lakeside_camping, layout_loops_ring
D:2:      layout_basic, serial_shops, shop, minmay_misc_feat_four_crosses
D:3:      layout_rooms, minmay_misc_feat_hallway
D:4:      layout_basic, mainiacjoe_overflow_six_doors_small
D:5:      layout_cave_pools, minmay_temple_entry_large_hall, st_stairs_13
D:6:      layout_loops_corners
D:7:      minmay_the_grid_four_pointed_star [minmay_the_grid_triangle_9x9_empty,
          minmay_the_grid_triangle_9x9_impossible_snake,
          minmay_the_grid_triangle_9x9_corrupted_corridor,
          minmay_the_grid_triangle_9x9_limited_checkers,
          minmay_the_grid_prize_diamond_cup], layout_cave_pools, enter_bailey_3,
          nicolae_take_the_stairs, roderic_batcave
Temple:   kilobyte_greek_temple

Skill      XL: |  1  2  3  4  5  6  7  8  9 10 |
---------------+-------------------------------+-----
Stealth        | 2 |  2.0
Spellcasting   | 3 4 5 6 8 9 |  9.0
Fighting       | 2 5 |  5.0
Dodging        | 4 5 |  5.0

Action                     |  1- 3 |  4- 6 |  7- 9 | 10-12 || total
---------------------------+-------+-------+-------+-------++-------
  Melee: Dagger            |     1 |     3 |    11 |       ||    15
   Cast: Foxfire           |    53 |    63 |    54 |     3 ||   173
         Scorch            |     1 |    34 |    55 |     2 ||    92
         Inner Flame       |       |       |    15 |       ||    15
         Volatile Blastmot |       |       |    13 |       ||    13
         Portal Projectile |       |       |     1 |       ||     1
         Ensorcelled Hiber |       |       |     4 |       ||     4
         Flame Wave        |       |       |     7 |     2 ||     9
         Sting             |       |       |     1 |       ||     1
    Use: Scroll            |     3 |     2 |     5 |       ||    10
 Armour: Robe              |     5 |     8 |     9 |     4 ||    26
  Dodge: Dodged            |     8 |    18 |    38 |     5 ||    69
